 Dungeon Crawl Stone Soup version 0.20-a0-984-ge8aa303 (webtiles) character file.

2562 Hybris the Gouger (level 9, -2/39 HPs)
             Began as a Felid Transmuter on Apr 10, 2017.
             Was a Priest of Hepliaklqana.
             Slain by an orc warrior
             ... wielding a +0 halberd
              (29 damage)
             ... in a bailey.
             The game lasted 00:40:42 (18190 turns).

Hybris the Gouger (Felid Transmuter)               Turns: 18190, Time: 00:40:43

Health: -2/39      AC:  2    Str:  6    XL:     9   Next: 31%
Magic:  1/13       EV: 25    Int: 16    God:    Hepliaklqana [***...]
Gold:   721        SH:  0    Dex: 19    Spells: 1/12 levels left
                                        Lives:  0   Deaths: 3

rFire    . . .     SeeInvis +     - Unarmed
rCold    . . .     Gourm    .   (shield unavailable)
rNeg     . . .     Faith    .   (armour unavailable)
rPois    +         Spirit   .   (helmet unavailable)
rElec    .         Reflect  .   (cloak unavailable)
rCorr    .         Harm     .   (gloves unavailable)
MR       +....                  (boots unavailable)
Stlth    ++........             (no amulet)
Regen    0.2/turn               j - ring of poison resistance
MPRegen  0.2/turn               p - +4 ring of evasion

@: appendage, very slightly contaminated, quick
A: no armour, no weapons or thrown items, stealth, reduced essence, claws 1,
fangs 3, horns 2, see invisible, carnivore 3, speed 1, shaggy fur 2, slow
metabolism 1, sharp paws
a: End Transformation, Recall Ancestor, Ancestor Identity, Transference,
Renounce Religion


You were in a bailey.
You worshipped Hepliaklqana.
Hepliaklqana was most pleased with you.
You were completely stuffed.
You had grown temporary horns.
You visited 2 branches of the dungeon, and saw 11 of its levels.
You also visited: Bailey.

You collected 721 gold pieces.

Inventory:

Missiles
 a - 12 arrows
Jewellery
 g - an uncursed ring of magical power
 j - a ring of poison resistance (left paw)
 n - an uncursed ring of ice
 p - a +4 ring of evasion (right paw)
 C - a cursed ring of protection from cold
Wands
 h - a wand of enslavement (1/24)
 o - a wand of flame (6/48)
 y - a wand of acid (0/15)
 B - a wand of flame (11/48)
 D - a wand of scattershot (0/9)
 F - a wand of lightning (10/15)
Scrolls
 f - 3 scrolls of amnesia
 k - 4 scrolls of identify
 l - a scroll of recharging
 m - 3 scrolls of teleportation
 q - 4 scrolls of remove curse
 u - 5 scrolls of enchant armour
 x - a scroll of fog
Potions
 d - 2 potions of brilliance
 e - a potion of lignification
 r - a potion of heal wounds
 s - a potion of invisibility {unknown}
 t - 2 potions of curing
 v - a potion of might
 w - 2 potions of berserk rage {unknown}
 z - 5 potions of magic {unknown}
 A - 2 potions of flight
 E - a potion of degeneration {unknown}
 G - 2 potions of haste {unknown}
 H - a potion of resistance {unknown}
Books
 b - a book of Changes

   Spells                             Type                      Level
   a - Beastly Appendage              Transmutation                1
   b - Sticks to Snakes               Transmutation                2
   c - Spider Form                    Transmutation/Poison         3
   d - Ice Form                       Ice/Transmutation            4
   e - Blade Hands                    Transmutation                5
Comestibles
 c - 5 meat rations
 i - 6 royal jellies
 I - 5 chunks of flesh


   Skills:
 + Level 7.8 Fighting
 - Level 5.2 Dodging
 * Level 12.4 Unarmed Combat
 - Level 2.0 Spellcasting
 + Level 9.7 Transmutations


You had one spell level left.
You knew the following spells:

 Your Spells              Type           Power        Failure   Level  Hunger
a - Beastly Appendage     Tmut           ####..       1%          1    #......
b - Sticks to Snakes      Tmut           ####....     1%          2    ###....
c - Spider Form           Tmut/Pois      ###.......   12%         3    ###....
d - Blade Hands           Tmut           ####......   12%         5    ######.


Dungeon Overview and Level Annotations

Branches:
Dungeon (10/15)            Temple (0/1) D:4            Lair (1/6) D:9
    Orc: D:9-12

Altars:
Ashenzari
Dithmenos
Gozag
Hepliaklqana
Kikubaaqudgha
Nemelex Xobeh
Ru
Uskayaw
Vehumet
Yredelemnul
The Shining One

Annotations:
Lair:1 exclusion: 3 oklob plants


Innate Abilities, Weirdness & Mutations

You cannot wear armour.
You are incapable of wielding weapons or throwing items.
Your paws allow you to move quietly. (Stealth)
You have sharp claws.
You have razor-sharp teeth.
You have supernaturally acute eyesight. (SInv)
You are carnivorous and can eat meat at any time.
You cover ground quickly.
You are covered in thick fur. (AC +2)
You have a slow metabolism.
Your sharp claws are effective at attacking unaware monsters.
Your life essence is reduced. (-10% HP)
You have a pair of horns on your head.


Message History

Your ball python grabs the orc warrior.
Your ball python constricts the orc warrior.
Casting: Sticks to Snakes
Confirm with . or Enter, or press ? or * to list all spells.
You miscast Spider Form.
You are very lightly contaminated with residual magic.
Your vision is briefly tinged with green.
Your ball python bites the orc warrior.
Your ball python constricts the orc warrior.
The orc warrior closely misses you.
Casting: Spider Form
Confirm with . or Enter, or press ? or * to list all spells.
You grow a pair of large bovine horns.
Your adder bites the orc warrior.
Your ball python bites the orc warrior but does no damage.
Your ball python constricts the orc warrior.
The orc warrior hits you but does no damage.
Your adder bites the orc warrior but does no damage.
The orc warrior hits you from afar with a halberd!!
Ouch! That really hurt!
You die...

### ############ ....
##.......)∩.## ....o
######........)...#
....oo#.S..#........))..#
....)oooS..'.......))))∩#
.....o#.@..#.........)..#
....).######............#
..... ##........∩.##
##### ############


You could see 2 orc warriors, 4 orcs, a friendly adder and a friendly ball
python.

Vanquished Creatures
  A hydra (Lair:1)
  Erica (D:8)
  A spiny frog (Lair:1)
  A komodo dragon (Lair:1)
  A yak (Lair:1)
  Edmund (D:6)
  2 water moccasins (D:9)
  2 hornet zombies
  An orc warrior (D:8)
  3 sky beasts
  A necrophage (D:8)
  An ogre (D:8)
  A black bear (D:8)
  2 ice beasts (D:8)
  2 phantoms
  A crocodile (Lair:1)
  6 bullfrogs
  3 scorpions
  11 killer bees
  4 wights
  3 howler monkeys
  3 crimson imps
  2 bullfrog zombies (D:8)
  A quasit (D:9)
  A centaur skeleton (D:7)
  A centaur zombie (D:9)
  5 hounds
  2 orc priests
  2 bullfrog skeletons
  3 orc wizards
  2 iguanas
  6 worker ants
  A hound skeleton (D:4)
  A howler monkey zombie (D:6)
  Robin (D:3)
  6 adders
  6 gnolls
  An ooze (D:1)
  2 adder zombies (D:4)
  2 adder skeletons (D:4)
  2 dart slugs (D:1)
  8 leopard geckos
  21 orcs
  3 giant cockroaches
  16 goblins
  16 hobgoblins
  13 jackals
  12 kobolds
  2 quokkas
  A ball python skeleton (D:4)
  8 bats
  4 frilled lizards
  A giant cockroach zombie (D:4)
  A jackal zombie (D:4)
  A quokka skeleton (D:8)
  9 rats
215 creatures vanquished.

Vanquished Creatures (collateral kills)
  A two-headed ogre (D:8)
  A manticore (D:9)
  Maurice (D:8)
  A hornet (D:9)
  A hippogriff (D:8)
  A hungry ghost (D:9)
  A porcupine (Lair:1)
  An orc warrior (Bailey)
  2 ogres (D:4)
  2 centaurs (D:6)
  A big kobold (D:8)
  3 bullfrogs
  A scorpion (D:5)
  2 killer bees (D:9)
  A jelly (D:9)
  A howler monkey (D:5)
  An orc priest (D:5)
  An iguana (D:9)
  A worker ant (D:4)
  3 gnolls (D:6)
  An adder (D:4)
  An adder skeleton (D:4)
  15 orcs
  A ball python (D:4)
  A bat (D:3)
  A jackal (D:4)
47 creatures vanquished.

Vanquished Creatures (others)
  7 hexers
  An orc wizard (D:4)
  4 ancestors
  2 plants (Lair:1)
14 creatures vanquished.

Grand Total: 276 creatures vanquished

Notes
Turn   | Place    | Note
-------+----------+-------------------------------------------
     0 | D:1      | Hybris the Felid Transmuter began the quest for the Orb.
     0 | D:1      | Reached XP level 1. HP: 9/9 MP: 4/4
   363 | D:1      | Reached XP level 2. HP: 12/12 MP: 6/6
  1186 | D:1      | Reached skill level 4 in Unarmed Combat
  1389 | D:1      | Reached XP level 3. HP: 15/15 MP: 7/7
  1582 | D:2      | Learned a level 2 spell: Sticks to Snakes
  2045 | D:2      | Reached XP level 4. HP: 19/19 MP: 8/8
  2336 | D:2      | Reached skill level 5 in Unarmed Combat
  2413 | D:2      | Found a shattered altar of Ashenzari.
  3067 | D:3      | Found a radiant altar of Vehumet.
  3821 | D:3      | Found a shadowy altar of Dithmenos.
  3911 | D:3      | Noticed Robin
  4208 | D:2      | Reached XP level 5. HP: 7/22 MP: 9/9
  4983 | D:3      | Killed Robin
  6195 | D:3      | Learned a level 3 spell: Spider Form
  6770 | D:4      | Noticed an ogre
  6798 | D:4      | Killed an ogre
  6798 | D:4      | Gained mutation: You are covered in thick fur. (AC +2) [Felid growth]
  6798 | D:4      | Reached XP level 6. HP: 25/25 MP: 9/10
  7446 | D:4      | Found a hazy altar of Hepliaklqana.
  7458 | D:4      | HP: 1/25 [orc wizard/magic dart (11)]
  7473 | D:4      | Reached skill level 6 in Unarmed Combat
  7773 | D:4      | Became a worshipper of Hepliaklqana the Forgotten
  7814 | D:4      | Found a staircase to the Ecumenical Temple.
  8612 | D:4      | HP: 1/22 [orc priest/divine providence (9)]
  9089 | D:4      | Killed from afar by an orc priest
  9090 | D:4      | Reached XP level 5. HP: 0/19 MP: 17/18
  9113 | D:4      | Reached skill level 5 in Dodging
  9113 | D:4      | Reached XP level 6. HP: 22/22 MP: 10/10
  9190 | D:5      | Entered Level 5 of the Dungeon
  9274 | D:5      | Reached skill level 5 in Transmutations
  9708 | D:5      | Found a sacrificial altar of Ru.
 10240 | D:5      | Found a basalt altar of Yredelemnul.
 10353 | D:6      | Noticed Edmund
 10425 | D:6      | Killed Edmund
 10425 | D:6      | Reached skill level 7 in Unarmed Combat
 10425 | D:6      | Reached XP level 7. HP: 27/27 MP: 11/11
 11476 | D:6      | Reached XP level 8. HP: 21/30 MP: 12/12
 11503 | D:6      | Reached skill level 8 in Unarmed Combat
 12404 | D:6      | Found an opulent altar of Gozag.
 12446 | D:6      | Reached * piety under Hepliaklqana
 13193 | D:7      | Reached skill level 9 in Unarmed Combat
 13502 | D:8      | Reached XP level 9. HP: 35/35 MP: 13/13
 13583 | D:8      | Noticed Erica
 13595 | D:8      | Killed Erica
 13595 | D:8      | Reached skill level 5 in Fighting
 13597 | D:8      | Noticed a two-headed ogre
 13622 | D:8      | Reached skill level 10 in Unarmed Combat
 13630 | D:8      | Killed a two-headed ogre
 13860 | D:8      | Learned a level 5 spell: Blade Hands
 13887 | D:8      | Found a glowing golden altar of the Shining One.
 13896 | D:8      | Found a sparkling altar of Nemelex Xobeh.
 13901 | D:8      | Found a hide-covered altar of Uskayaw.
 13931 | D:8      | Reached ** piety under Hepliaklqana
 13932 | D:8      | Remembered your ancestor Imaginary Friend as a hexer
 14480 | D:8      | Reached XP level 10. HP: 40/40 MP: 14/14
 14491 | D:8      | Noticed Maurice
 14523 | D:8      | Killed Maurice
 14802 | D:8      | Reached skill level 11 in Unarmed Combat
 15631 | D:9      | Found a staircase to the Lair.
 15816 | D:9      | Noticed a manticore
 15827 | D:9      | Killed a manticore
 16335 | D:9      | Found an ancient bone altar of Kikubaaqudgha.
 17160 | Lair:1   | Entered Level 1 of the Lair of Beasts
 17210 | Lair:1   | Noticed a four-headed hydra
 17282 | Lair:1   | Slain by a four-headed hydra
 17283 | Lair:1   | Reached XP level 9. HP: -2/38 MP: 12/13
 17313 | Lair:1   | Reached skill level 12 in Unarmed Combat
 17346 | Lair:1   | Noticed a komodo dragon
 17352 | Lair:1   | Killed an eight-headed hydra
 17352 | Lair:1   | Reached XP level 10. HP: 19/42 MP: 8/14
 17789 | Lair:1   | Noticed a spiny frog
 17799 | Lair:1   | Killed a spiny frog
 17866 | Lair:1   | Noticed an oklob plant
 17870 | Lair:1   | Noticed an oklob plant
 17883 | Lair:1   | Noticed an oklob plant
 17891 | Lair:1   | Noticed a six-headed hydra
 17918 | Lair:1   | Reached *** piety under Hepliaklqana
 17919 | Lair:1   | Mangled by a porcupine
 17920 | Lair:1   | Reached XP level 9. HP: -6/39 MP: 12/13
 17949 | D:10     | Entered Level 10 of the Dungeon
 17949 | D:10     | Found a flagged portal.
 17954 | Bailey   | Entered a bailey
 18190 | Bailey   | Slain by an orc warrior

Vault maps used:
D:1:      erik_arrival_blinker_ship
D:2:      marbit_many_paths, first_bread
D:3:      nicolae_overflow_crystal_walls, grunt_dithmenos_smoke_and_mirrors,
          uniq_robin
D:4:      overflow_temple_1_default, minmay_temple_entry_enclosed_plants,
          serial_undead, serial_undead_e, serial_undead_e, serial_undead_e,
          serial_undead_f, serial_undead_b, serial_undead_f
D:5:      yredelemnul_altar_generic, nicolae_ru_sacrificial_ziggurat
D:6:      lemuel_crystal_altar, grunt_ministairs_12, uniq_edmund
D:8:      nicolae_overflow_hidden_temple, uniq_maurice, uniq_erica
D:9:      lemuel_crystal_altar, lair_entry_dummy
D:10:     erik_orc_2, basic_altar, enter_bailey_2, grunt_tengu_nest
Lair:1:   minmay_lair_oklob_chamber, grunt_megastairs_1
Bailey:   bailey_polearm_5, bailey

Skill      XL: |  1  2  3  4  5  6  7  8  9 10 |
---------------+-------------------------------+-----
Unarmed Combat | 4 5 7 9 12 11 | 12.4
Dodging        | 3 5 |  5.2
Transmutations | 3 5 7 8 9 |  9.7
Fighting       | 2 3 4 6 7 |  7.8
Spellcasting   | |  2.0

Action                   |  1- 3 |  4- 6 |  7- 9 | 10-12 || total
-------------------------+-------+-------+-------+-------++-------
Melee: Unarmed           |   102 |   239 |   235 |   146 ||   722
       Headbutt          |    11 |    27 |    14 |     1 ||    53
       Bite              |     3 |    21 |    13 |     7 ||    44
       Punch             |     2 |     3 |     5 |     5 ||    15
 Cast: Beastly Appendage |    22 |    42 |    18 |     3 ||    85
       Sticks to Snakes  |       |    22 |    19 |    13 ||    54
       Spider Form       |       |     2 |    24 |    17 ||    43
       Blade Hands       |       |       |     6 |     6 ||    12
Invok: Recall Ancestor   |       |     3 |     6 |     3 ||    12
       Ancestor Identity |       |     1 |       |       ||     1
       Ancestor Life: He |       |       |     1 |       ||     1
Evoke: Wand              |       |     8 |     5 |     3 ||    16
  Use: Scroll            |       |     7 |     8 |     3 ||    18
       Potion            |       |     4 |     2 |     1 ||     7
 Stab: Sleeping          |     3 |    11 |     1 |     1 ||    16
       Distracted        |       |     1 |     5 |     4 ||    10
       Confused          |       |       |       |     1 ||     1
  Eat: Chunk             |    10 |    18 |    21 |     6 ||    55
Armor: Skin              |     9 |    13 |    21 |     3 ||    46
Dodge: Dodged            |    81 |   210 |   269 |   185 ||   745
